 Dungeon Crawl Stone Soup version 0.20.1-1-g8b1a95d (webtiles) character file.

112 vatarom the Gusty (level 4, -1/48 HPs)
             Began as a Demonspawn Air Elementalist on Oct 12, 2017.
             Succumbed to Robin's poison
             ... on level 3 of the Dungeon.
             The game lasted 00:07:20 (2537 turns).

vatarom the Gusty (Demonspawn Air Elementalist)     Turns: 2537, Time: 00:07:21

Health: -1/48      AC: 22    Str:  8    XL:     4   Next: 63%
Magic:  1/8        EV:  2    Int: 22    God:
Gold:   58         SH:  0    Dex: 14    Spells: 2/8 levels left

rFire    . . .     SeeInvis .   g - +0 dagger
rCold    . . .     Gourm    .   (no shield)
rNeg     + + +     Faith    .   (armour currently unavailable)
rPois    +         Spirit   .   (helmet currently unavailable)
rElec    .         Reflect  .   (cloak currently unavailable)
rCorr    .         Harm     .   (gloves currently unavailable)
MR       .....     NoTele   +   (boots currently unavailable)
Stlth    ++........             (no amulet)
Regen    0.2/turn               (no ring)
MPRegen  0.2/turn               (no ring)

@: brilliant, lethally poisoned (-1 -> -20), tree-form (expiring)
A: demonic guardian 1
a: no special abilities


You were on level 3 of the Dungeon.
You were not hungry.
You were a tree.
You visited 1 branch of the dungeon, and saw 3 of its levels.

You collected 58 gold pieces.

Inventory:

Hand Weapons
 g - a +0 dagger (weapon)
Armour
 a - a +0 robe (melded)
Jewellery
 j - an uncursed ring of protection from magic {unknown}
Scrolls
 e - a scroll of recharging
 k - a scroll of identify
Potions
 d - a potion of lignification
 f - a potion of flight
 h - a potion of magic
Books
 b - a book of Air

   Spells                             Type                      Level
   a - Shock                          Conjuration/Air              1
   b - Swiftness                      Charms/Air                   2
   c - Static Discharge               Conjuration/Air              3
   d - Airstrike                      Air                          4
   e - Lightning Bolt                 Conjuration/Air              5
Comestibles
 c - 5 bread rations
 n - 2 chunks of flesh


   Skills:
 + Level 1.3 Fighting
 - Level 2.0 Dodging
 - Level 2.0 Stealth
 + Level 2.9 Spellcasting
 + Level 1.5 Conjurations
 * Level 3.7 Air Magic


You had 2 spell levels left.
You knew the following spells:

 Your Spells              Type           Power        Failure   Level  Hunger
a - Shock                 Conj/Air       ####         1%          1    None
b - Swiftness             Chrm/Air       ###.....     1%          2    ##.....
c - Static Discharge      Conj/Air       ####....     1%          3    ###....


Dungeon Overview and Level Annotations

Branches:
Dungeon (3/15)

Altars:

Annotations:
D:2 Terence
D:3 Robin


Innate Abilities, Weirdness & Mutations

A weak demonic guardian rushes to your aid.
((When seriously injured, your bleeding wounds create armour. (AC +0)))


Message History

Robin is heavily wounded.
* * * LOW HITPOINT WARNING * * *
You feel sick. Robin hits you but does no damage.
It was a potion of brilliance.
You feel clever all of a sudden.
* * * LOW HITPOINT WARNING * * *
You feel sick. Robin hits you but does no damage.
You hit Robin but do no damage.
Robin is heavily wounded.
* * * LOW HITPOINT WARNING * * *
You feel sick. Robin hits you but does no damage.
You are more poisoned.
You barely miss Robin.
Robin is heavily wounded.
* * * LOW HITPOINT WARNING * * *
You feel sick. Robin hits you but does no damage.
You hit Robin.
Robin is heavily wounded.
Your transformation is almost over.
You die... #......# ##...... #..g... ..g.g gg.

#g# #.#
#†#############################
#)†).....†.).g♣)...............
###############################


You could see Robin.

Vanquished Creatures
  5 adders
  2 oozes
  A dart slug (D:2)
  2 leopard geckos (D:1)
  3 giant cockroaches (D:1)
  15 goblins
  6 hobgoblins
  3 jackals (D:2)
  5 kobolds
  A ball python (D:1)
  3 bats
  2 frilled lizards
  3 rats
51 creatures vanquished.

Vanquished Creatures (collateral kills)
  A goblin (D:3)
  2 hobgoblins (D:3)
3 creatures vanquished.

Grand Total: 54 creatures vanquished

Notes
Turn   | Place    | Note
-------+----------+-------------------------------------------
     0 | D:1      | vatarom the Demonspawn Air Elementalist began the quest for the Orb.
     0 | D:1      | Reached XP level 1. HP: 13/13 MP: 3/3
   186 | D:1      | Reached skill level 3 in Air Magic
   230 | D:1      | Gained mutation: A weak demonic guardian rushes to your aid. [demonic ancestry]
   230 | D:1      | Reached XP level 2. HP: 16/19 MP: 0/5
   278 | D:1      | Learned a level 2 spell: Swiftness
  1008 | D:1      | Gained mutation: When seriously injured, your bleeding wounds create armour. (AC +0) [demonic ancestry]
  1008 | D:1      | Reached XP level 3. HP: 24/24 MP: 2/6
  1394 | D:2      | Learned a level 3 spell: Static Discharge
  1783 | D:2      | Reached skill level 1 in Fighting
  1783 | D:2      | Reached XP level 4. HP: 32/32 MP: 2/7
  2074 | D:2      | Noticed Terence
  2459 | D:3      | Noticed Robin
  2536 | D:3      | HP: 1/48 [poisoned by Robin]
  2537 | D:3      | Succumbed to Robin's poison

Skill      XL: |  1  2  3 |
---------------+----------+-----
Air Magic      | 3 |  3.7
Stealth        | 2 |  2.0
Dodging        | 2 |  2.0
Fighting       | 1 |  1.3
Spellcasting   | |  2.9
Conjurations   | |  1.5

Action                   |  1- 3 |  4- 6 || total
-------------------------+-------+-------++-------
Melee: Unarmed           |     4 |       ||     4
       Dagger            |    19 |    66 ||    85
 Cast: Shock             |    71 |    35 ||   106
       Static Discharge  |       |     1 ||     1
  Use: Potion            |     6 |     3 ||     9
       Scroll            |     5 |     1 ||     6
  Eat: Chunk             |     1 |       ||     1
       Meat ration       |     1 |       ||     1
Armor: Robe              |     3 |    21 ||    24
       Skin              |       |    23 ||    23
Dodge: Dodged            |    16 |    61 ||    77
